 Dungeon Crawl Stone Soup version 0.29-a0-284-gf9362112df (webtiles) character file.

Game seed: 10706980703384671642

14269 horus123 the Cleaver (level 12, -15/106 HPs)
             Began as a Hill Orc Fighter on Mar 20, 2022.
             Was an Elder of Makhleb.
             Demolished by Snorg (21 damage)
             ... on level 11 of the Dungeon on Mar 21, 2022.
             The game lasted 00:30:47 (13683 turns).

horus123 the Cleaver (Hill Orc Fighter)            Turns: 13683, Time: 00:30:48

Health: -15/106    AC: 22    Str: 30    XL:     12   Next: 14%
Magic:  20/20      EV:  8    Int:  8    God:    Makhleb [****..]
Gold:   241        SH:  0    Dex: 10    Spells: 11/11 levels left

rFire   . . .      SeeInvis .   v - +2 battleaxe (distort)
rCold   . . .      Faith    .   (shield currently unavailable)
rNeg    . . .      Spirit   .   c - +2 plate armour {rPois}
rPois   +          Reflect  .   F - +0 helmet
rElec   .          Harm     .   (no cloak)
rCorr   +          Rampage  .   l - +2 pair of gloves
Will    .....                   H - +0 pair of boots
Stlth   ..........              (no amulet)
HPRegen 0.27/turn               n - +6 ring of strength
MPRegen 0.17/turn               m - ring of resist corrosion

@: no status effects
A: no striking features
a: Renounce Religion, Minor Destruction, Lesser Servant of Makhleb, Major
Destruction


You were on level 11 of the Dungeon.
You worshipped Makhleb.
Makhleb was greatly pleased with you.
You visited 2 branches of the dungeon, and saw 12 of its levels.

You collected 658 gold pieces.
You spent 417 gold pieces at shops.

Inventory:

Hand Weapons
 a - a +3 war axe
 v - a +2 battleaxe of distortion (weapon)
 D - a +0 arbalest
Missiles
 B - 2 throwing nets (quivered)
Armour
 c - a +2 plate armour of poison resistance (worn)
 l - a +2 pair of gloves (worn)
 y - a +5 ring mail of willpower
 F - a +0 helmet (worn)
 G - a +0 kite shield
 H - a +0 pair of boots (worn)
Jewellery
 m - a ring of resist corrosion (right hand)
 n - a +6 ring of strength (left hand)
 E - a ring of protection from fire
 I - a ring of wizardry
Wands
 i - a wand of acid (3)
 k - a wand of iceblast (10)
 r - a wand of digging (2)
 t - a wand of polymorph (14)
Scrolls
 e - 5 scrolls of teleportation
 q - a scroll of magic mapping
 s - a scroll of silence
 u - 2 scrolls of amnesia
Potions
 b - a potion of curing
 d - a potion of might
 f - 2 potions of flight
 g - 3 potions of degeneration {unknown}
 h - 3 potions of brilliance
 j - 2 potions of magic {unknown}
 o - a potion of cancellation {unknown}
 p - 3 potions of heal wounds {unknown}
 w - 2 potions of mutation {unknown}
 x - 2 potions of lignification {unknown}
 z - a potion of attraction {unknown}
 A - 2 potions of haste
 C - a potion of invisibility {unknown}


   Skills:
 - Level 10.0 Fighting
 - Level 13.0 Axes
 - Level 10.0 Armour
 - Level 10.0 Shields
 + Level 11.4 Invocations


You had 11 spell levels left.
You didn't know any spells.
Your spell library contained the following spells:

 Spells                   Type           Power      Damage    Failure   Level
 Shock                    Conj/Air       0%         1d3       97%         1
 Slow                     Hex            0%         N/A       97%         1
 Blink                    Tloc           0%         N/A       99%         2
 Ensorcelled Hibernation  Hex/Ice        0%         N/A       99%         2
 Passwall                 Tmut/Erth      0%         N/A       99%         2
 Scorch                   Fire           0%         2d5       99%         2
 Confusing Touch          Hex            0%         N/A       100%        3
 Lesser Beckoning         Tloc           0%         N/A       100%        3
 Swiftness                Air            0%         N/A       100%        3
 Vampiric Draining        Necr           0%         2d6       100%        3
 Airstrike                Air            0%         N/A       100%        4
 Animate Armour           Summ/Erth      0%         N/A       100%        4
 Flame Wave               Conj/Fire      0%         2d4       100%        4
 Fulminant Prism          Conj/Hex       0%         3d6       100%        4
 Summon Lightning Spire   Summ/Air       0%         N/A       100%        4
 Blade Hands              Tmut           0%         N/A       100%        5
 Freezing Cloud           Conj/Ice/Air   0%         6-21      100%        5
 Lightning Bolt           Conj/Air       0%         1d11      100%        5
 Manifold Assault         Tloc           0%         N/A       100%        5
 Iron Shot                Conj/Erth      0%         9d1       100%        6
 Summon Cactus Giant      Summ           0%         N/A       100%        6


Dungeon Overview and Level Annotations

Branches:
Dungeon (11/15)            Temple (1/1) D:5            Lair (0/6) D:11
    Orc (0/2) D:10

Altars:
Ashenzari
Cheibriados
Dithmenos
Elyvilon
Hepliaklqana
Makhleb
Okawaru
Sif Muna
Trog
Uskayaw
Vehumet
Xom
Yredelemnul
Beogh

Shops:
D:8 *   D:10 (*

Annotations:
D:11 Snorg


Message History

Your weapon can't reach that far!
Okay, then.
You completely miss Snorg. Snorg barely misses you. Snorg claws you! x2
You completely miss Snorg.
Snorg goes berserk!
You barely miss Snorg. Snorg bites you but does no damage. Snorg claws you.
Snorg claws you but does no damage.
You slash Snorg!
Snorg is lightly wounded.
Snorg blinks!
Snorg bites you but does no damage. Snorg claws you!
Snorg claws you but does no damage. Snorg bites you but does no damage.
Snorg claws you but does no damage. Snorg barely misses you.
You hit Snorg.
Space warps around Snorg.
Snorg is lightly wounded.
Snorg bites you but does no damage. Snorg claws you! Snorg barely misses you.
You hit Snorg.
Space warps around Snorg.
Snorg is lightly wounded.
Snorg bites you but does no damage. Snorg completely misses you.
Snorg barely misses you. Snorg bites you. Snorg claws you! x2
You are too injured to fight recklessly!
You barely miss Snorg.
Snorg is lightly wounded.
Snorg bites you!!
* * * LOW HITPOINT WARNING * * *
Snorg closely misses you. Snorg claws you!
* * * LOW HITPOINT WARNING * * *
Snorg bites you!
* * * LOW HITPOINT WARNING * * *
Snorg claws you but does no damage. Snorg barely misses you.
Okay, then.
Okay, then.
Snorg attacks as you move away! Snorg bites you but does no damage.
Snorg claws you but does no damage. Snorg misses you.
Okay, then.
Throw: 3 throwing nets
Press: ? - help, Q - select action, (/) - cycle Shift-Dir - straight line, f - Snorg
Aim: Snorg (lightly wounded, berserk, 62% to hit)
You throw a throwing net. The throwing net barely misses Snorg.
Snorg bites you!!
You die...

#......... #.........
#....##### #....# #
################....# #
....................#####
.........................
.........................
#......@............####
#...###T....>.......# #..
#.............#
#.............#
##.............####
....(................
#####################


You could see Snorg (berserk).

Vanquished Creatures
  Harold (D:9)
  2 two-headed ogres
  The ghost of enile the Thaumaturge, a novice DjFE of Cheibriados (D:8)
  Joseph (D:7)
  A gargoyle (D:11)
  2 trolls
  A vampire (D:10)
  23 yaks
  2 wyverns
  5 vampire mosquitoes (D:11)
  A steam dragon (D:7)
  Menkaure (D:7)
  An acid dragon (D:8)
  Duvessa (D:7)
  A water moccasin (D:6)
  An ice beast (D:5)
  4 orc warriors
  A black bear (D:5)
  A wolf (D:11)
  3 ogres
  4 centaurs
  A kobold brigand (D:8)
  2 phantoms (D:4)
  A bullfrog (D:8)
  5 gnoll sergeants
  2 scorpions
  A necrophage (D:7)
  16 wights
  Dowan (D:7)
  8 killer bees
  3 electric eels (D:11)
  2 howler monkeys
  6 orc priests
  9 hounds
  6 iguanas
  10 orc wizards
  Ijyb (D:3)
  A statue (D:3)
  23 gnolls
  14 adders
  A shadow imp (D:7)
  4 white imps
  An ufetubus (D:7)
  A worm (D:2)
  A dart slug (D:3)
  29 orcs
  9 ball pythons
  3 bats
  4 endoplasms
  6 giant cockroaches
  6 goblins
  5 hobgoblins
  3 jackals (D:4)
  6 quokkas
  A frilled lizard (D:1)
  10 kobolds
  5 rats
265 creatures vanquished.

Vanquished Creatures (collateral kills)
  A boulder beetle (D:11)
  A vampire mosquito (D:11)
2 creatures vanquished.

Vanquished Creatures (others)
  An orc wizard (D:11)
  3 orcs (D:11)
  3 fungi (D:1)
  7 plants (D:1)
14 creatures vanquished.

Grand Total: 281 creatures vanquished

Notes
Turn   | Place    | Note
-------+----------+-------------------------------------------
     0 | D:1      | horus123 the Hill Orc Fighter began the quest for the Orb.
     0 | D:1      | Reached XP level 1. HP: 19/19 MP: 1/1
    82 | D:1      | Reached skill level 3 in Axes
   458 | D:1      | Reached XP level 2. HP: 26/26 MP: 2/2
   583 | D:1      | Found a faded altar of an unknown god.
   591 | D:1      | Reached skill level 4 in Axes
   916 | D:2      | Reached XP level 3. HP: 29/31 MP: 3/3
  1048 | D:2      | Reached skill level 5 in Axes
  1140 | D:2      | Reached XP level 4. HP: 33/39 MP: 4/4
  1465 | D:3      | Noticed Ijyb
  1474 | D:3      | Killed Ijyb
  1475 | D:3      | Reached skill level 6 in Axes
  1521 | D:3      | Found an iron altar of Okawaru.
  1856 | D:3      | Reached XP level 5. HP: 31/41 MP: 5/5
  2175 | D:3      | Reached skill level 7 in Axes
  2343 | D:3      | Found a radiant altar of Vehumet.
  2343 | D:3      | Noticed a charred statue
  2355 | D:3      | Killed a charred statue
  2635 | D:4      | Noticed a phantom
  2646 | D:4      | Noticed an ogre
  2647 | D:4      | Reached skill level 8 in Axes
  2647 | D:4      | Reached XP level 6. HP: 47/51 MP: 6/6
  2657 | D:4      | Reached skill level 9 in Axes
  2955 | D:3      | Reached XP level 7. HP: 34/57 MP: 7/7
  3224 | D:4      | Reached skill level 10 in Axes
  3512 | D:4      | Found a hazy altar of Hepliaklqana.
  3788 | D:4      | Found a burning altar of Makhleb.
  3791 | D:4      | Became a worshipper of Makhleb the Destroyer
  3906 | D:4      | Found a shimmering blue altar of Sif Muna.
  4080 | D:5      | Entered Level 5 of the Dungeon
  4138 | D:5      | Reached skill level 11 in Axes
  4306 | D:5      | Reached XP level 8. HP: 64/64 MP: 8/8
  4307 | D:5      | Found a staircase to the Ecumenical Temple.
  4346 | D:5      | Reached skill level 12 in Axes
  4542 | Temple   | Entered the Ecumenical Temple
  5068 | D:5      | Found a white marble altar of Elyvilon.
  5079 | D:5      | Found a broken altar of Ashenzari.
  5415 | D:6      | Reached skill level 13 in Axes
  5515 | D:6      | Found a snail-covered altar of Cheibriados.
  5515 | D:6      | Found a bloodstained altar of Trog.
  5570 | D:6      | Reached skill level 5 in Fighting
  6087 | D:6      | Reached XP level 9. HP: 73/79 MP: 9/9
  6184 | D:6      | Reached * piety under Makhleb
  6466 | D:7      | You fall into a shaft and drop 3 floors!
  6466 | D:10     | Entered Level 10 of the Dungeon
  6488 | D:10     | Noticed a troll
  6951 | D:7      | Found a basalt altar of Yredelemnul.
  6964 | D:7      | Noticed Dowan
  6964 | D:7      | Noticed Duvessa
  6977 | D:7      | Killed Duvessa
  6989 | D:7      | Killed Dowan
  6990 | D:7      | Reached skill level 10 in Fighting
  7420 | D:7      | Found a hide-covered altar of Uskayaw.
  7420 | D:7      | Found a shimmering altar of Xom.
  7452 | D:7      | Noticed Joseph
  7470 | D:7      | Killed Joseph
  7810 | D:7      | Noticed Menkaure
  7814 | D:7      | Killed Menkaure
  8407 | D:8      | Reached XP level 10. HP: 93/93 MP: 10/10
  8462 | D:8      | Found a runed translucent door.
  8464 | D:8      | Noticed enile's ghost (novice DjFE)
  8689 | D:8      | Reached ** piety under Makhleb
  8737 | D:8      | Found Niuneo Acwu's Assorted Antiques.
  8748 | D:8      | Bought an arbalest for 130 gold pieces
  9183 | D:8      | Killed enile's ghost
  9195 | D:8      | Got Buczus's Disquisition on the Fetching Glacier
  9490 | D:9      | Reached skill level 10 in Armour
  9515 | D:9      | Reached skill level 5 in Shields
  9533 | D:9      | Found a shadowy altar of Dithmenos.
  9656 | D:9      | Noticed Harold
  9669 | D:9      | Killed Harold
 10073 | D:9      | Noticed a two-headed ogre
 10082 | D:9      | Reached XP level 11. HP: 94/99 MP: 11/11
 10090 | D:9      | Killed a two-headed ogre
 10286 | D:10     | Found Coqey's Weapon Boutique.
 10380 | D:10     | Reached *** piety under Makhleb
 10397 | D:10     | Reached skill level 10 in Shields
 10397 | D:10     | Reached skill level 1 in Invocations
 10885 | D:10     | Reached skill level 5 in Invocations
 11112 | D:10     | Found Netofro's Assorted Antiques.
 11214 | D:10     | Bought a scroll of identify for 50 gold pieces
 11214 | D:10     | Bought a glowing battleaxe for 237 gold pieces
 11830 | D:10     | Found a staircase to the Orcish Mines.
 11845 | D:10     | Found a roughly hewn altar of Beogh.
 11857 | D:10     | Reached **** piety under Makhleb
 11905 | D:11     | Noticed a two-headed ogre
 11913 | D:11     | Killed a two-headed ogre
 12937 | D:11     | Reached skill level 10 in Invocations
 12937 | D:11     | Reached XP level 12. HP: 78/106 MP: 19/19
 13048 | D:11     | Found a staircase to the Lair.
 13310 | D:11     | Noticed a boulder beetle
 13328 | D:11     | Killed a boulder beetle
 13669 | D:11     | Noticed Snorg
 13681 | D:11     | HP: 5/106 [Snorg (9)]
 13683 | D:11     | Demolished by Snorg

Illustrated notes

Levels and vault maps discovered:
D:1:      sevenhm_arrival_forest_fort_small_3, layout_loops_ring,
          shapermc_ecumenical_altar_mp_ritualfount
D:2:      layout_basic
D:3:      layout_loops_ring, okawaru_trees_2, vehumet_statue,
          portal_sewer_entry_b, uniq_ijyb
D:4:      layout_basic, mainiacjoe_overflow_paths, kennysheep_mini,
          nicolae_sif_muna_little_library
D:5:      layout_basic, mainiacjoe_overflow_catwalk_spiral,
          minmay_temple_entry_trees, serial_rivers,
          chequers_serial_rivers_micro_c, chequers_serial_rivers_small_b,
          chequers_serial_rivers_room_a, chequers_serial_rivers_small_a,
          chequers_serial_rivers_room_a, chequers_serial_rivers_large_a
D:6:      layout_gridville, gammafunk_temple_overflow_pools
D:7:      layout_loops_corners, grunt_temple_overflow_open, uniq_menkaure,
          uniq_joseph, uniq_duvessa
D:8:      layout_loops_ring, serial_shops, nicolae_diamond_shop,
          ebering_ghost_inner_flame
D:9:      layout_roguey, nicolae_dithmenos_shadow_blocks, uniq_harold
D:10:     layout_long_grid, minmay_orc_entry_temple_small, serial_shops,
          nicolae_shop_behind_doors, shop, chequers_avenue
D:11:     layout_small_grid, erik_lair_island, uniq_snorg
Temple:   jpeg_temple_island

Skill      XL: |  1  2  3  4  5  6  7  8  9 10 11 12 |
---------------+-------------------------------------+-----
Axes           | 3 4 5 6 8 9 11 13 | 13.0
Fighting       | 7 10 | 10.0
Armour         | 7 10 | 10.0
Shields        | 7 10 | 10.0
Invocations    | 10 11 | 11.4

Action                   |  1- 3 |  4- 6 |  7- 9 | 10-12 || total
-------------------------+-------+-------+-------+-------++-------
Melee: War axe           |    64 |   142 |   291 |   370 ||   867
       Battleaxe         |       |       |       |    55 ||    55
Throw: Throwing net      |       |       |       |     1 ||     1
Invok: Minor Destruction |       |       |       |     8 ||     8
       Lesser Servant of |       |       |       |     3 ||     3
       Major Destruction |       |       |       |     1 ||     1
Evoke: Wand              |       |     2 |     5 |       ||     7
  Use: Scroll            |     2 |       |     7 |    12 ||    21
       Potion            |       |     1 |     2 |     4 ||     7
Armor: Scale mail        |    25 |    20 |       |       ||    45
       Chain mail        |       |    67 |   123 |       ||   190
       Ring mail         |       |       |     9 |   109 ||   118
       Plate armour      |       |       |       |   149 ||   149
Dodge: Dodged            |    35 |    72 |    97 |   180 ||   384
Block: Buckler           |    17 |    25 |    41 |    16 ||    99
       Kite shield       |       |       |       |   182 ||   182

Table legend: (Time is in decaauts)
 A = Elapsed time spent in this place.
 B = Non-inter-level travel time spent in this place.
 C = Inter-level travel time spent in this place.
 D = Time resting spent in this place.
 E = Time spent auto-exploring this place.
 F = Levels seen in this place.
 G = Mean time per level.
                   A        B        C        D        E       F      G
               +--------+--------+--------+--------+--------+-----+--------+
         Total |  13702 |  13427 |    275 |   3810 |   7345 |  12 | 1141.8 |
       Dungeon |  13391 |  13116 |    275 |   3501 |   7345 |  11 | 1217.4 |
        Temple |    310 |    310 |      0 |    309 |      0 |   1 |  310.0 |
               +--------+--------+--------+--------+--------+-----+--------+

Top non-repeatable levels by time:
    D:10: 2015 daAuts
     D:3: 1674 daAuts
     D:7: 1637 daAuts
    D:11: 1537 daAuts
     D:8: 1061 daAuts
     D:6: 1031 daAuts
     D:4: 994 daAuts
     D:5: 993 daAuts
     D:9: 982 daAuts
     D:1: 917 daAuts
     D:2: 544 daAuts
  Temple: 310 daAuts
